Map: Emerald City LE

Players

Massa

  • Race: Terran Terran
  • League: Platinum
  • Spawn Location: 11:00

qqq

  • Race: Terran Terran
  • Spawn Location: 11:00

ThePointyEnd

  • Race: Zerg Zerg
  • Spawn Location: 5:00

IlIlIIlllIlI

  • Race: Zerg Zerg
  • League: Diamond
  • Spawn Location: 5:00

VOD

Have the link to the VOD?

Description

Time

  • Played on: Nov. 8, 2020, 9:05 a.m.
  • Length: 14:24
Show
View Real Time Build Order
Export as new Build Order

Massa Terran 

Build Orders:  

Get SALT Encoding   

  12  0:00  SCV  
  13  0:12  SCV  
  14  0:22  Supply Depot  
  14  0:25  SCV  
  15  0:43  SCV  
  15  0:44  Barracks  
  16  0:51  Refinery  
  16  0:55  SCV  
  17  1:07  SCV  
  18  1:20  SCV  
  19  1:32  SCV  
  20  1:33  Reaper  
  20  1:38  Command Center  
  21  1:45  Orbital Command  
  21  2:05  Marine  
  21  2:08  Supply Depot  
  22  2:13  SCV  
  23  2:29  Factory  
  24  2:30  SCV  
  24  2:42  SCV  
  25  3:07  Orbital Command  
  25  3:08  Barracks Reactor, SCV  
  26  3:15  Barracks  
  26  3:19  Starport  
  26  3:20  SCV  
  26  3:21  Refinery  
  26  3:22  Engineering Bay  
  27  3:29  Barracks  
  27  3:32  SCV  
  27  3:33  SCV  
  29  3:44  SCV  
  29  3:45  SCV  
  31  3:56  SCV  
  31  4:00  Supply Depot  
  31  4:01  Factory Tech Lab  
  32  4:04  SCV, Barracks Tech Lab  
  32  4:08  SCV  
  34  4:10  Barracks  
  34  4:12  Refinery  
  34  4:16  SCV, Missile Turret  
  35  4:18  Medivac  
  35  4:23  Marauder, Marine  
  40  4:25  Barracks Tech Lab, Marine  
  41  4:31  Refinery  
  41  4:38  Missile Turret  
  41  4:41  Marine  
  41  4:44  Marauder  
  45  4:46  Barracks, Marine  
  42  5:06  Supply Depot  
  41  5:07  Supply Depot  
  41  5:09  Marine x3  
  41  5:10  Marine  
  42  5:18  Supply Depot  
  42  5:27  Marine x2  
  42  5:28  Marine  
  44  5:36  Siege Tank  
  46  5:43  Marine  
  46  5:45  Marine  
  46  5:46  Marauder, Marine  
  51  5:52  Orbital Command  
  51  6:03  Marine  
  51  6:04  Marine x3  
  54  6:07  Marauder  
  57  6:21  Marine x3  
  57  6:22  Marine  
  61  6:26  Starport Tech Lab  
  61  6:44  Orbital Command  
  61  7:10  SCV  
  62  7:20  Supply Depot  
  62  7:22  SCV  
  62  7:23  Bunker  
  62  7:35  Supply Depot  
  62  7:36  Supply Depot x2  
  62  7:37  SCV  
  62  7:38  SCV, Supply Depot  
  62  7:49  Supply Depot  
  62  7:56  Banshee  
  62  7:57  SCV x2, Supply Depot, Siege Tank  
  62  7:58  Cloaking Field  
  70  8:02  Supply Depot x2  
  70  8:04  Supply Depot  
  70  8:05  Supply Depot  
  70  8:09  SCV x2  
  72  8:18  Stimpack  
  72  8:19  Combat Shield  
  72  8:21  SCV x2, Barracks Tech Lab  
  72  8:22  Barracks Reactor  
  74  8:28  Supply Depot  
  74  8:29  Supply Depot, Siege Tank  
  74  8:33  SCV x2, Engineering Bay  
  79  8:39  Banshee  
  82  8:45  SCV x2  
  84  8:54  Supply Depot  
  76  9:03  Marauder x3, Marine x3  
  76  9:07  Concussive Shells  
  83  9:19  Missile Turret  
  83  9:20  Missile Turret  
  83  9:22  Medivac  
  83  9:23  Missile Turret  
  87  9:24  Marauder  
  87  9:25  Missile Turret  
  87  9:31  Refinery  
  87  9:35  Command Center  
  87  9:40  Missile Turret  
  87  9:41  Marine x3  
  87  9:42  Marine x2  
  87  9:45  Marine  
  93  9:47  Missile Turret  
  93  9:49  Missile Turret  
  93  9:52  Medivac  
  95  9:55  Terran Infantry Weapons Level 1  
  95  9:59  Armory, Marine  
  96  10:03  Factory  
  96  10:10  Missile Turret  
  90  10:43  Missile Turret  
  90  10:44  Missile Turret  
  90  10:48  Missile Turret  
  90  10:59  SCV x2  
  90  11:11  SCV x2  
  75  11:57  Supply Depot  
  75  11:58  Supply Depot x2  
  75  11:59  Supply Depot x2  
  72  12:10  Missile Turret  
  69  12:18  Supply Depot  
  69  12:28  Factory Reactor  
  69  12:35  Marauder x3, Marine x2  
  76  12:45  Missile Turret x2  
  76  12:47  Factory  
  76  12:53  Marine x2  
  76  12:56  Marauder x2, Marine  
  76  12:58  Supply Depot  
  83  13:05  Bunker  
  83  13:06  Missile Turret x2  
  83  13:07  Supply Depot  
  83  13:10  Marine x2  
  85  13:22  Widow Mine x2  
  89  13:33  Missile Turret  
  89  13:42  Missile Turret x2  
  89  13:43  Widow Mine x2, Missile Turret  
  89  13:44  SCV x2  
  89  13:47  Starport Reactor  
  95  13:52  Missile Turret  
  95  13:56  SCV x2  
  95  14:08  SCV x2  
Show
View Real Time Build Order
Export as new Build Order

qqq Terran 

Build Orders:  

Get SALT Encoding   

  12  0:01  SCV  
  13  0:13  SCV  
  14  0:25  SCV  
  15  0:39  Supply Depot  
  15  0:41  Supply Depot  
  15  1:00  SCV  
  16  1:10  Barracks  
  16  1:12  SCV  
  17  1:24  SCV  
  18  1:26  Refinery  
  18  1:27  Refinery  
  18  1:37  SCV  
  19  1:49  SCV  
  20  1:57  Command Center  
  20  2:03  SCV  
  21  2:15  Reaper  
  21  2:17  SCV, Supply Depot  
  23  2:29  SCV  
  24  2:41  SCV  
  25  2:53  SCV  
  26  3:04  Factory  
  26  3:05  SCV  
  27  3:09  SCV  
  28  3:17  SCV  
  29  3:21  SCV  
  30  3:29  SCV  
  30  3:33  SCV  
  32  3:41  SCV  
  32  3:45  SCV  
  34  3:54  SCV, Marine  
  35  3:57  SCV  
  36  4:06  SCV  
  36  4:08  Refinery  
  36  4:09  SCV  
  38  4:11  Starport, Factory Tech Lab  
  38  4:12  Marine  
  39  4:18  SCV  
  39  4:21  SCV  
  39  4:22  Engineering Bay  
  41  4:30  SCV  
  42  4:32  Siege Tank  
  42  4:33  SCV  
  46  4:39  Marine  
  46  4:42  SCV  
  48  4:45  SCV  
  49  4:54  SCV  
  49  4:56  Marine  
  49  4:58  SCV  
  52  5:06  SCV  
  31  5:14  Marine  
  22  5:23  SCV  
  13  5:30  Liberator  
  13  5:32  Marine  
  13  5:33  Planetary Fortress  
  9  5:48  Hellion  
  11  6:10  Hellion  
  13  6:11  SCV  
  13  6:13  Liberator  
  17  6:23  SCV  
  18  6:36  SCV  
  17  6:48  SCV  
  18  7:00  SCV  
  18  7:12  SCV  
  19  7:24  SCV  
  20  7:36  SCV  
  21  7:48  SCV  
  21  7:49  Marine  
  23  8:15  Supply Depot  
  23  8:36  SCV, Marine  
  25  8:51  SCV  
  26  9:03  SCV  
  27  9:13  Liberator  
  27  9:15  SCV  
  31  10:11  Supply Depot  
  31  10:32  SCV  
  32  10:44  SCV  
  33  10:54  Command Center  
  33  10:56  SCV  
  33  11:09  SCV  
  34  11:18  Liberator  
  31  11:21  SCV  
  27  11:43  SCV  
  28  11:55  SCV  
  29  12:06  Supply Depot  
  29  12:07  SCV  
  29  12:30  Supply Depot  
  29  12:36  SCV  
  30  12:48  SCV  
  31  12:51  Liberator  
  31  12:54  Supply Depot  
  34  13:00  SCV  
  35  13:17  Supply Depot  
  35  13:19  Engineering Bay  
  35  13:20  Refinery  
  35  13:21  Command Center  
  35  13:40  SCV  
  36  13:51  Starport Reactor  
  36  13:52  SCV  
  37  14:04  SCV  
Show
View Real Time Build Order
Export as new Build Order

ThePointyEnd Zerg 

Build Orders: Hatch First 

Get SALT Encoding   

  12  0:00  Drone  
  13  0:12  Overlord  
  13  0:17  Drone  
  14  0:33  Drone x2  
  16  0:50  Hatchery  
  16  0:54  Drone  
  16  0:57  Drone  
  17  1:04  Extractor  
  16  1:14  Spawning Pool  
  16  1:17  Drone  
  16  1:20  Drone  
  16  1:24  Drone  
  18  1:30  Drone  
  19  1:40  Drone  
  20  1:50  Drone  
  21  2:01  Overlord  
  21  2:02  Queen  
  21  2:03  Queen  
  25  2:12  Metabolic Boost  
  25  2:18  Zergling x2  
  25  2:19  Zergling x2  
  27  2:52  Drone x4  
  27  2:53  Drone x2  
  27  2:56  Queen  
  35  2:59  Lair  
  35  3:10  Overlord x2  
  35  3:14  Extractor  
  35  3:15  Extractor  
  35  3:16  Drone  
  35  3:17  Drone  
  35  3:19  Drone  
  36  3:29  Drone x4  
  36  3:32  Baneling Nest  
  39  3:37  Drone x2, Evolution Chamber  
  40  3:54  Drone x3  
  40  3:55  Zergling x6  
  46  4:11  Zergling x2  
  46  4:12  Zergling x8  
  51  4:21  Centrifical Hooks  
  51  4:27  Zerg Melee Weapons Level 1  
  51  4:33  Hatchery  
  51  4:37  Overlord  
  51  4:38  Overlord  
  50  4:39  Zergling x2  
  51  5:04  Drone x6  
  51  5:05  Drone x2  
  58  5:08  Queen  
  58  5:10  Queen  
  60  5:33  Spore Crawler  
  59  5:36  Spore Crawler  
  59  5:38  Drone x2, Zergling x2  
  59  5:39  Zergling x6  
  64  5:53  Zergling x4  
  64  5:54  Zergling x2  
  67  5:59  Queen x2  
  67  6:00  Extractor  
  70  6:04  Spore Crawler  
  69  6:15  Zergling x2  
  69  6:16  Zergling x8  
  69  6:17  Overlord  
  74  6:25  Evolution Chamber  
  73  6:26  Drone  
  73  6:27  Infestation Pit  
  73  6:29  Overlord x2  
  73  6:30  Overlord  
  73  6:31  Drone  
  71  7:05  Zergling x2  
  71  7:06  Zergling x22  
  79  7:15  Baneling x5  
  79  7:16  Baneling x9  
  79  7:17  Zergling x2  
  79  7:20  Drone x2  
  79  7:22  Extractor  
  81  7:25  Extractor  
  78  7:43  Zergling x12  
  72  7:49  Zergling x2  
  69  8:02  Drone  
  69  8:03  Drone x4  
  74  8:07  Spore Crawler  
  74  8:10  Queen  
  74  8:11  Queen  
  74  8:12  Spore Crawler  
  78  8:15  Zerg Melee Weapons Level 2  
  78  8:23  Hive  
  76  8:30  Zergling x6  
  76  8:31  Zergling x6  
  82  8:37  Spore Crawler  
  81  8:58  Zergling x18  
  90  9:13  Zergling x12  
  93  9:27  Zergling x2  
  93  9:28  Zergling x10  
  99  9:33  Zergling x2  
  100  10:00  Adrenal Glands  
  100  10:04  Zerg Ground Armor Level 1  
  100  10:05  Infestation Pit  
  99  10:11  Baneling x10  
  99  10:12  Baneling x3  
  99  10:27  Pneumatized Carapace  
  99  10:50  Zergling x2  
  99  10:51  Zergling x10  
  99  10:52  Overlord  
  99  10:53  Overlord x2  
  105  11:00  Zerg Melee Weapons Level 3  
  75  11:37  Zergling x14  
  75  11:38  Zergling x10  
  76  11:43  Zergling x2  
  72  11:47  Zergling x2  
  73  11:56  Zergling x6  
  76  12:05  Ultralisk Cavern  
  76  12:07  Overseer  
  75  12:08  Zergling x2  
  75  12:09  Zergling x4  
  79  12:15  Zergling x4  
  79  12:18  Zergling x2  
  81  12:34  Hatchery  
  81  12:37  Hatchery  
  81  12:41  Baneling x4  
  81  12:42  Baneling x2  
  81  12:43  Baneling  
  80  12:48  Zergling x2  
  78  13:08  Zergling x2  
  78  13:09  Zergling x14  
  78  13:12  Overlord  
  85  13:23  Zergling x6  
  88  13:37  Drone  
  88  13:38  Drone x3  
  92  13:58  Drone  
  92  13:59  Drone x6  
Show
View Real Time Build Order
Export as new Build Order

IlIlIIlllIlI Zerg 

Build Orders: Hatch First, Muta Ling Bane, Zergling Baneling 

Get SALT Encoding   

  12  0:01  Drone  
  13  0:12  Overlord  
  13  0:17  Drone  
  14  0:29  Overlord  
  14  0:31  Drone  
  15  0:36  Drone  
  16  0:45  Drone  
  17  1:01  Hatchery  
  16  1:19  Spawning Pool  
  16  1:20  Extractor  
  16  1:21  Drone  
  16  1:22  Drone  
  16  1:27  Drone  
  16  1:32  Drone  
  18  1:46  Drone  
  19  1:53  Drone  
  20  2:04  Drone  
  20  2:07  Queen  
  23  2:13  Queen  
  23  2:15  Drone x2  
  27  2:25  Zergling x2  
  27  2:27  Zergling x2  
  27  2:28  Metabolic Boost  
  29  2:37  Spine Crawler  
  29  2:39  Extractor  
  29  2:43  Spine Crawler  
  26  2:46  Drone x3  
  29  3:03  Drone x3  
  35  3:14  Drone  
  36  3:24  Overlord  
  36  3:30  Zergling x2, Baneling Nest  
  36  3:33  Overlord  
  36  3:35  Overlord  
  36  3:42  Overlord  
  36  4:00  Zergling x2  
  36  4:01  Zergling x10  
  42  4:10  Zergling x16  
  50  4:24  Baneling x6  
  50  4:30  Zergling x4  
  52  4:34  Baneling x6  
  45  5:07  Queen x2  
  45  5:10  Spore Crawler  
  45  5:12  Spore Crawler  
  39  5:40  Spore Crawler  
  39  5:41  Drone x8, Spore Crawler  
  45  5:43  Queen x2  
  49  6:01  Extractor  
  49  6:03  Extractor  
  47  6:07  Spine Crawler x2  
  45  6:22  Lair  
  44  6:26  Extractor  
  41  6:51  Zergling x2  
  41  6:52  Zergling x14  
  49  7:06  Hatchery  
  47  7:31  Drone x9  
  47  7:36  Spire  
  55  7:53  Centrifical Hooks  
  55  7:54  Zergling x2  
  55  7:55  Zergling x8  
  60  8:15  Overlord  
  60  8:16  Overlord x4  
  60  8:19  Baneling x9  
  60  8:20  Baneling  
  60  8:21  Baneling  
  60  8:27  Overlord x2  
  59  9:06  Evolution Chamber x2  
  57  9:10  Mutalisk x5  
  57  9:11  Mutalisk x10  
  87  9:33  Drone x6  
  87  9:34  Drone x2  
  95  9:40  Zerg Flyer Armor Level 1  
  95  9:42  Zerg Melee Weapons Level 1  
  95  9:52  Overseer  
  95  9:58  Spore Crawler  
  94  10:34  Zergling x34  
  111  10:38  Extractor  
  111  10:39  Extractor  
  109  10:48  Overseer  
  109  10:49  Overseer x2  
  109  10:53  Overlord  
  109  10:54  Overlord  
  109  10:56  Zergling x6  
  110  11:22  Zergling x24  
  122  11:37  Zerg Ground Armor Level 1  
  122  11:47  Mutalisk x7  
  96  12:17  Zergling x24  
  102  12:36  Hydralisk Den  
  101  12:44  Baneling x10  
  101  12:46  Drone x8  
  109  12:51  Drone  
  110  13:00  Zergling x6  
  113  13:16  Hatchery  
  112  13:37  Baneling x9  
  112  13:49  Baneling x8  
  112  13:50  Baneling x3  
  112  13:56  Drone, Zergling x2  
  112  13:57  Zergling x10  
  112  13:58  Zergling x22  
Tags
 
Add a new tag
Caveats
  • Supply blocks, unpowered buildings, or Contaminate may cause inaccurate times.
  • Supply counts are checked every 10 seconds.